NWL (28 & UNDER)
MOOSE JAW GHOSTBUSTERS @ CASPER GHOSTS
04/15/2029
 
TOP OF THE 1ST
Moose Jaw Ghostbusters batting - Pitching for Casper Ghosts : LHP Ben Reyes
Pitching: LHP Ben Reyes
Batting: LHB Darren Holland 0-0: Swinging Strike
0-1: Ball
1-1: Fly out, F7 (Flyball, 7LS)
Batting: RHB Bob Cole 0-0: Ball
1-0: Called Strike
1-1: Ball
2-1: Foul Ball, location: 2F
2-2: Strikes out looking
Batting: RHB Billy Mullins 0-0: Called Strike
0-1: Ball
1-1: Foul Ball, location: 2F
1-2: Foul Ball, location: 2F
1-2: Strikes out swinging
Top of the 1st over - 0 runs, 0 hits, 0 errors, 0 left on base; Moose Jaw 0 - Casper 0
BOTTOM OF THE 1ST
Casper Ghosts batting - Pitching for Moose Jaw Ghostbusters : RHP Juan Arreola
Pitching: RHP Juan Arreola
Batting: RHB Alberto Soto 0-0: Ball
1-0: Fly out, F8 (Flyball, 8LXD)
Batting: LHB Luis Rodríguez 0-0: Ball
1-0: Swinging Strike
1-1: Ball
2-1: Ball
3-1: Base on Balls
Batting: LHB Alberto Varela 0-0: Called Strike
0-1: Swinging Strike
0-2: Strikes out swinging
Batting: LHB Ralph Cobb 0-0: Ball
1-0: Foul Ball, location: 2F
1-1: SINGLE (Flyball, 9LS)
Luis Rodríguez to second
Runner from 2nd tries for 3rd, SAFE, no throw
Batting: RHB Paul Richard 0-0: Ball
1-0: SINGLE (Line Drive, 7LS)
Luis Rodríguez scores
Ralph Cobb to second
Batting: RHB Mark Arnold 0-0: Ball
1-0: Called Strike
1-1: DOUBLE (Line Drive, 9D)
Ralph Cobb scores
Paul Richard to third
Runner from 3rd tries for Home, SAFE, no throw
Batting: RHB Miguel Toro 0-0: Foul Ball, location: 2F
0-1: Ball
1-1: Swinging Strike
1-2: Ball
2-2: Ball
3-2: Base on Balls
Batting: RHB Troy Reed 0-0: Called Strike
0-1: Swinging Strike
0-2: Strikes out swinging
Bottom of the 1st over - 3 runs, 3 hits, 0 errors, 2 left on base; Moose Jaw 0 - Casper 3
TOP OF THE 2ND
Moose Jaw Ghostbusters batting - Pitching for Casper Ghosts : LHP Ben Reyes
Batting: RHB Yasuhiko Sumita 0-0: Foul Ball, location: 2F
0-1: Foul Ball, location: 2F
0-2: Ball
1-2: Strikes out swinging
Batting: RHB Aaron Murray 0-0: Called Strike
0-1: Foul Ball, location: 2F
0-2: Ball
1-2: Ball
2-2: SINGLE (Line Drive, 4MD)
Batting: RHB Johnny MacNamara 0-0: SINGLE (Line Drive, 4D)
Aaron Murray to second
Batting: LHB John Stone 0-0: Foul Ball, location: 2F
0-1: Foul Ball, location: 2F
0-2: Ball
Wild Pitch!
Aaron Murray to third
Johnny MacNamara to second
1-2: Ball
2-2: Foul Ball, location: 2F
2-2: Ground out 5-3 (Groundball, 5)
Batting: LHB Tony Beck 0-0: Ball
1-0: Foul Ball, location: 2F
1-1: Swinging Strike
1-2: Ball
2-2: Ball
3-2: Strikes out looking
Top of the 2nd over - 0 runs, 2 hits, 0 errors, 2 left on base; Moose Jaw 0 - Casper 3
BOTTOM OF THE 2ND
Casper Ghosts batting - Pitching for Moose Jaw Ghostbusters : RHP Juan Arreola
Batting: SHB José González 0-0: Ball
1-0: Foul Ball, location: 2F
1-1: Ball
2-1: Ball
3-1: Base on Balls
Batting: RHB Alberto Soto 0-0: Ball
1-0: Called Strike
1-1: Called Strike
1-2: Fly out, F9 (Flyball, 9S)
Batting: LHB Luis Rodríguez 0-0: Swinging Strike
0-1: Called Strike
0-2: Ball
1-2: Foul Ball, location: 2F
1-2: Foul Ball, location: 2F
1-2: Ball
2-2: Ball
3-2: Ground out 1-3 (Groundball, P)
José González to second
Batting: LHB Alberto Varela 0-0: Ball
1-0: Ball
2-0: Ball
3-0: Base on Balls
Batting: LHB Ralph Cobb 0-0: Ball
1-0: SINGLE (Groundball, 56D)
José González to third
Alberto Varela to second
Runner from 3rd tries for Home, SAFE, throw made home
Batting: RHB Paul Richard 0-0: SINGLE (Line Drive, 8RS)
Alberto Varela to third
Ralph Cobb to second
Runner from 3rd tries for Home, SAFE, throw made home
Batting: RHB Mark Arnold 0-0: Ball
1-0: Called Strike
1-1: Ball
2-1: Ball
3-1: Base on Balls
Ralph Cobb to third
Paul Richard to second
Batting: RHB Miguel Toro 0-0: Ball
Wild Pitch!
Ralph Cobb scores
Paul Richard to third
Mark Arnold to second
1-0: Fly out, F3 (Popup, 34)
Bottom of the 2nd over - 3 runs, 2 hits, 0 errors, 2 left on base; Moose Jaw 0 - Casper 6
TOP OF THE 3RD
Moose Jaw Ghostbusters batting - Pitching for Casper Ghosts : LHP Ben Reyes
Batting: LHB Jon Rogers 0-0: Ball
1-0: Ball
2-0: Called Strike
2-1: Called Strike
2-2: Fly out, F5 (Popup, 5D)
Batting: LHB Darren Holland 0-0: Called Strike
0-1: Hit by Pitch
Batting: RHB Bob Cole 0-0: Ball
1-0: Ball
2-0: Ball
3-0: Called Strike
3-1: Called Strike
3-2: Foul Ball, location: 2F
3-2: Foul Ball, location: 2F
3-2: Strikes out swinging
Batting: RHB Billy Mullins 0-0: Called Strike
0-1: Ball
1-1: Foul Ball, location: 2F
1-2: DOUBLE (Line Drive, 8LD)
Darren Holland to third
Runner from 3rd tries for Home, SAFE, no throw
Batting: RHB Yasuhiko Sumita 0-0: Ball
1-0: Foul Ball, location: 2F
1-1: Foul Ball, location: 2F
1-2: Foul Ball, location: 2F
1-2: Ball
2-2: Fly out, F4 (Flyball, 4MD)
Top of the 3rd over - 1 run, 1 hit, 0 errors, 1 left on base; Moose Jaw 1 - Casper 6
BOTTOM OF THE 3RD
Casper Ghosts batting - Pitching for Moose Jaw Ghostbusters : RHP Juan Arreola
Batting: RHB Troy Reed 0-0: Ball
1-0: Called Strike
1-1: Called Strike
1-2: Ball
2-2: Reached on error, E5 (Groundball, 56S)
Batting: SHB José González 0-0: Ball
1-0: Called Strike
1-1: Ground out 5-3 (Groundball, 5S)
Troy Reed to second
Batting: RHB Alberto Soto 0-0: Called Strike
0-1: Foul Ball, location: 2F
0-2: Foul Ball, location: 2F
0-2: Ball
1-2: Foul Ball, location: 2F
1-2: SINGLE (Flyball, 7S)
Troy Reed to third
Runner from 3rd tries for Home, throw and OUT!
Batting: LHB Luis Rodríguez 0-0: Called Strike
Alberto Soto steals 2nd base
0-1: Ball
1-1: Ball
2-1: Ball
3-1: Foul Ball, location: 2F
3-2: Foul Ball, location: 2F
3-2: Base on Balls
Batting: LHB Alberto Varela 0-0: Ball
Alberto Soto steals 3rd base
1-0: Fly out, F8 (Flyball, 8LD)
Bottom of the 3rd over - 0 runs, 1 hit, 1 error, 2 left on base; Moose Jaw 1 - Casper 6
TOP OF THE 4TH
Moose Jaw Ghostbusters batting - Pitching for Casper Ghosts : LHP Ben Reyes
Batting: RHB Aaron Murray 0-0: Called Strike
0-1: Called Strike
0-2: Ball
1-2: Strikes out looking
Batting: RHB Johnny MacNamara 0-0: Called Strike
0-1: Swinging Strike
0-2: Foul Ball, location: 2F
0-2: Ball
1-2: Ground out 5-3 (Groundball, 5L)
Batting: LHB John Stone 0-0: Called Strike
0-1: SINGLE (Line Drive, 4MD)
Pitching: RHP Jack Hampton
Batting: LHB Tony Beck 0-0: Foul Ball, location: 2F
0-1: Ball
1-1: Ball
John Stone is caught stealing 2nd base
Top of the 4th over - 0 runs, 1 hit, 0 errors, 0 left on base; Moose Jaw 1 - Casper 6
BOTTOM OF THE 4TH
Casper Ghosts batting - Pitching for Moose Jaw Ghostbusters : RHP Juan Arreola
Batting: LHB Ralph Cobb 0-0: Ball
1-0: Ball
2-0: Fly out, F8 (Flyball, 8LD)
Batting: RHB Paul Richard 0-0: Ball
1-0: Ball
2-0: Foul Ball, location: 2F
2-1: Ball
3-1: Foul Ball, location: 2F
3-2: Base on Balls
Pitching: LHP Javier Galeas
Batting: RHB Mark Arnold 0-0: Swinging Strike
0-1: Ball
1-1: SINGLE (Groundball, 56D)
Paul Richard to second
Batting: RHB Miguel Toro 0-0: Called Strike
0-1: Fly out, F7 (Flyball, 78M)
Batting: RHB Troy Reed 0-0: Ball
1-0: Called Strike
1-1: Ball
2-1: Called Strike
2-2: Ball
3-2: Base on Balls
Paul Richard to third
Mark Arnold to second
Batting: SHB José González 0-0: Ball
1-0: Ball
2-0: Called Strike
2-1: Foul Ball, location: 2F
2-2: GRAND SLAM HOME RUN (Flyball, 78XD) (Inside the Park)
Batting: RHB Alberto Soto 0-0: Ball
1-0: Ball
2-0: Fly out, F9 (Flyball, 9S)
Bottom of the 4th over - 4 runs, 2 hits, 0 errors, 0 left on base; Moose Jaw 1 - Casper 10
TOP OF THE 5TH
Moose Jaw Ghostbusters batting - Pitching for Casper Ghosts : RHP Jack Hampton
Batting: LHB Tony Beck 0-0: Ball
1-0: Ball
2-0: Foul Ball, location: 2F
2-1: Ball
3-1: Called Strike
3-2: Foul Ball, location: 2F
3-2: Base on Balls
Batting: LHB Jon Rogers 0-0: SINGLE (Line Drive, 4D)
Tony Beck to second
Batting: LHB Darren Holland 0-0: Ball
1-0: Ball
2-0: Ball
3-0: Base on Balls
Tony Beck to third
Jon Rogers to second
Batting: RHB Bob Cole 0-0: Foul Ball, location: 2F
0-1: Swinging Strike
0-2: Ball
1-2: Ball
2-2: Strikes out swinging
Batting: RHB Billy Mullins 0-0: Called Strike
0-1: Foul Ball, location: 2F
0-2: Grounds into double play, 3-6-3 (Groundball, 34)
Top of the 5th over - 0 runs, 1 hit, 0 errors, 2 left on base; Moose Jaw 1 - Casper 10
BOTTOM OF THE 5TH
Casper Ghosts batting - Pitching for Moose Jaw Ghostbusters : LHP Javier Galeas
Batting: LHB Luis Rodríguez 0-0: Called Strike
0-1: Ball
1-1: Foul Ball, location: 2F
1-2: Ball
2-2: Strikes out looking
Batting: LHB Alberto Varela 0-0: Called Strike
0-1: Ground out 5-3 (Groundball, 56)
Batting: LHB Ralph Cobb 0-0: Ball
1-0: Fly out, F9 (Flyball, 9)
Bottom of the 5th over - 0 runs, 0 hits, 0 errors, 0 left on base; Moose Jaw 1 - Casper 10
TOP OF THE 6TH
Moose Jaw Ghostbusters batting - Pitching for Casper Ghosts : RHP Jack Hampton
Now at 1B: Ramón Córdova
Batting: RHB Yasuhiko Sumita 0-0: Ball
1-0: Called Strike
1-1: Ball
2-1: Ball
3-1: Base on Balls
Batting: RHB Aaron Murray 0-0: Ball
1-0: Fielders Choice at 2nd, 4-6 (Groundball, 4)
Batting: RHB Johnny MacNamara 0-0: Fly out, F8 (Flyball, 8RM)
Batting: LHB John Stone 0-0: Ball
1-0: Called Strike
1-1: Fielders Choice at 2nd, 6-4 (Groundball, 6)
Top of the 6th over - 0 runs, 0 hits, 0 errors, 1 left on base; Moose Jaw 1 - Casper 10
BOTTOM OF THE 6TH
Casper Ghosts batting - Pitching for Moose Jaw Ghostbusters : LHP Javier Galeas
Batting: RHB Paul Richard 0-0: Foul Ball, location: 2F
0-1: Swinging Strike
0-2: Ball
1-2: Foul Ball, location: 2F
1-2: Strikes out looking
Batting: RHB Mark Arnold 0-0: Called Strike
0-1: Ball
1-1: Foul Ball, location: 2F
1-2: DOUBLE (Line Drive, 8LXD)
Batting: RHB Miguel Toro 0-0: Ball
1-0: Foul Ball, location: 2F
1-1: Called Strike
1-2: Ball
2-2: Foul Ball, location: 2F
2-2: Ball
3-2: SINGLE (Groundball, 6D)
Mark Arnold to third
Batting: RHB Troy Reed 0-0: Ball
1-0: Ball
2-0: Called Strike
Miguel Toro steals 2nd base
2-1: SINGLE (Groundball, 5S) (infield hit)
Mark Arnold scores
Miguel Toro to third
Batting: SHB José González 0-0: Ball
1-0: DOUBLE (Line Drive, 7D)
Miguel Toro scores
Troy Reed to third
Batting: RHB Alberto Soto 0-0: Ball
1-0: Swinging Strike
1-1: Ball
2-1: DOUBLE (Flyball, 8LXD)
Troy Reed scores
José González scores
Batting: LHB Ramón Córdova 0-0: Called Strike
0-1: Ball
1-1: SINGLE (Flyball, 78M)
Alberto Soto to third
Runner from 3rd tries for Home, throw and OUT!
Batting: LHB Alberto Varela 0-0: Ball
1-0: Swinging Strike
1-1: Called Strike
1-2: Strikes out swinging
Bottom of the 6th over - 4 runs, 6 hits, 0 errors, 1 left on base; Moose Jaw 1 - Casper 14
TOP OF THE 7TH
Moose Jaw Ghostbusters batting - Pitching for Casper Ghosts : RHP Jack Hampton
Batting: LHB Tony Beck 0-0: Fly out, F7 (Line Drive, 78M)
Batting: LHB Jon Rogers 0-0: Fly out, F9 (Flyball, 9S)
Batting: LHB Darren Holland 0-0: Swinging Strike
0-1: Swinging Strike
0-2: Strikes out swinging
Top of the 7th over - 0 runs, 0 hits, 0 errors, 0 left on base; Moose Jaw 1 - Casper 14
BOTTOM OF THE 7TH
Casper Ghosts batting - Pitching for Moose Jaw Ghostbusters : LHP Javier Galeas
Pitching: LHP Teuk-chin Kim
Batting: LHB Ralph Cobb 0-0: Ball
1-0: Ground out 6-3 (Groundball, 56)
Batting: RHB Paul Richard 0-0: Ball
1-0: SINGLE (Groundball, 56D)
Batting: RHB Mark Arnold 0-0: Ball
1-0: Called Strike
1-1: Foul Ball, location: 2F
1-2: Foul Ball, location: 2F
1-2: Foul Ball, location: 2F
1-2: SINGLE (Flyball, 9LM)
Paul Richard to second
Runner from 2nd tries for 3rd, SAFE, throw made to third
Batting: RHB Miguel Toro 0-0: Called Strike
0-1: Ball
1-1: Ball
2-1: Swinging Strike
2-2: Foul Ball, location: 2F
2-2: Foul Ball, location: 2F
2-2: Ball
3-2: Base on Balls
Mark Arnold to second
Batting: RHB Troy Reed 0-0: Ball
1-0: Called Strike
1-1: Ball
2-1: Foul Ball, location: 2F
2-2: Strikes out looking
Batting: SHB José González 0-0: Ball
1-0: Foul Ball, location: 2F
1-1: Ball
2-1: Foul Ball, location: 2F
2-2: Foul Ball, location: 2F
2-2: Ball
3-2: Foul Ball, location: 2F
3-2: Base on Balls
Paul Richard scores
Mark Arnold to third
Miguel Toro to second
Batting: RHB Alberto Soto 0-0: Ball
1-0: Ball
2-0: Ball
Wild Pitch!
Mark Arnold scores
Miguel Toro to third
José González to second
3-0: Called Strike
3-1: Base on Balls
Batting: LHB Ramón Córdova 0-0: Ball
1-0: Ball
2-0: Fielders Choice at 2nd, U6 (Groundball, 6M)
Bottom of the 7th over - 2 runs, 2 hits, 0 errors, 3 left on base; Moose Jaw 1 - Casper 16
TOP OF THE 8TH
Moose Jaw Ghostbusters batting - Pitching for Casper Ghosts : RHP Jack Hampton
Batting: RHB Bob Cole 0-0: Swinging Strike
0-1: Ball
1-1: Foul Ball, location: 2F
1-2: Strikes out looking
Batting: RHB Billy Mullins 0-0: Ball
1-0: Ball
2-0: Called Strike
2-1: Ball
3-1: Called Strike
3-2: Foul Ball, location: 2F
3-2: Base on Balls
Pitching: LHP Pablo Solíz
Batting: RHB Yasuhiko Sumita 0-0: Ball
1-0: Called Strike
1-1: Foul Ball, location: 2F
1-2: Fly out, F9 (Flyball, 9LD)
Batting: RHB Aaron Murray 0-0: Ball
1-0: Fly out, F9 (Line Drive, 9LM)
Top of the 8th over - 0 runs, 0 hits, 0 errors, 1 left on base; Moose Jaw 1 - Casper 16
BOTTOM OF THE 8TH
Casper Ghosts batting - Pitching for Moose Jaw Ghostbusters : LHP Teuk-chin Kim
Pitching: RHP José Orozco
Batting: LHB Alberto Varela 0-0: Ball
1-0: Foul Ball, location: 2F
1-1: Foul Ball, location: 2F
1-2: Ball
2-2: Ball
3-2: Ground out U3 (Groundball, 3L)
Batting: LHB Ralph Cobb 0-0: Ball
1-0: SINGLE (Groundball, 34D)
Batting: RHB Paul Richard 0-0: Ball
1-0: Ball
2-0: Ball
3-0: Base on Balls
Ralph Cobb to second
Batting: RHB Mark Arnold 0-0: Swinging Strike
0-1: Ball
1-1: Ball
2-1: Ball
3-1: Base on Balls
Ralph Cobb to third
Paul Richard to second
Batting: RHB Miguel Toro 0-0: Foul Ball, location: 2F
0-1: Ball
1-1: Ball
2-1: Called Strike
2-2: Ball
3-2: Strikes out looking
Batting: RHB Troy Reed 0-0: Swinging Strike
0-1: Ball
1-1: Ball
2-1: Ball
3-1: SINGLE (Groundball, 6) (infield hit)
Ralph Cobb scores
Paul Richard to third
Mark Arnold to second
Batting: SHB José González 0-0: Ball
1-0: Ball
2-0: Ball
3-0: Called Strike
3-1: Base on Balls
Paul Richard scores
Mark Arnold to third
Troy Reed to second
Batting: RHB Alberto Soto 0-0: Swinging Strike
0-1: TRIPLE (Flyball, 8LD)
Mark Arnold scores
Troy Reed scores
José González scores
Pitching: RHP Glenn Vadnais
Batting: LHB Ramón Córdova 0-0: Ball
1-0: Ball
2-0: Foul Ball, location: 2F
2-1: Called Strike
2-2: Strikes out swinging
Bottom of the 8th over - 5 runs, 3 hits, 0 errors, 1 left on base; Moose Jaw 1 - Casper 21
TOP OF THE 9TH
Moose Jaw Ghostbusters batting - Pitching for Casper Ghosts : LHP Pablo Solíz
Batting: RHB Johnny MacNamara 0-0: Foul Ball, location: 2F
0-1: Foul Ball, location: 2F
0-2: Foul Ball, location: 2F
0-2: Ball
1-2: Ground out 1-3 (Groundball, 15)
Batting: LHB John Stone 0-0: Fly out, F5 (Line Drive, 56)
Batting: LHB Tony Beck 0-0: Called Strike
0-1: Ball
1-1: Foul Ball, location: 2F
1-2: Ball
2-2: Foul Ball, location: 2F
2-2: Ball
3-2: Strikes out looking
Top of the 9th over - 0 runs, 0 hits, 0 errors, 0 left on base; Moose Jaw 1 - Casper 21
Saturday, December 16th, 2017 - OOTP Baseball 18.8 Build 76